 Dungeon Crawl Stone Soup version 0.26.1-16-g4e020e15dc (webtiles) character file.

Game seed: 16069228352029879546

596750 tkbsonic5 the Slayer (level 26, -9/203 HPs)
             Began as a Minotaur Gladiator on Jan 22, 2023.
             Was a High Priest of Ashenzari.
             Mangled by an Orb Guardian (26 damage)
             ... on level 5 of the Realm of Zot on Apr 9, 2023.
             The game lasted 08:03:01 (59734 turns).

tkbsonic5 the Slayer (Minotaur Gladiator)          Turns: 59734, Time: 08:03:02

Health: -9/203     AC: 38    Str: 23 (26) XL:     26   Next: 37%
Magic:  33/33      EV: 14    Int:  5 (6)  God:    Ashenzari [*****.]
Gold:   637        SH:  0    Dex: 12 (16) Spells: 4/46 levels left

rFire    + + .     SeeInvis +   T - +7 broad axe (freeze) (curse)
rCold    + + .     Faith    .   j - +3 kite shield (curse)
rNeg     . . .     Spirit   .   G - +0 gold dragon scales (curse)
rPois    +         Reflect  .   (helmet restricted)
rElec    +         Harm     .   R - +2 cloak {rPois} (curse)
rCorr    .         Rampage  .   I - +2 pair of gloves (curse)
Will     ++...     Clarity  +   s - +2 pair of boots (curse)
Stlth    ..........             t - amulet of regeneration (curse)
HPRegen  1.23/turn              o - +4 ring of slaying (curse)
MPRegen  0.23/turn              Q - ring "Veib" {rElec rF+ Will+ Stlth+} (curse)

@: confused, mighty, about to teleport, wereblooded (expiring), studying Short
Blades
A: retaliatory headbutt, horns 2, molten scales 1, cold resistance 1,
deterioration 2, frail 2, low mp 1, regeneration 1, evolution 1, subdued magic 2
}: 3/15 runes: barnacled, silver, gossamer
a: Renounce Religion, Curse Item, Scrying, Transfer Knowledge


You were on level 5 of the Realm of Zot.
You worshipped Ashenzari.
Ashenzari was extremely pleased with you.
You visited 8 branches of the dungeon, and saw 46 of its levels.
You visited the Abyss 1 time.
You visited 1 bazaar.
You also visited: Wizlab.

You collected 5485 gold pieces.
You spent 4848 gold pieces at shops.

Inventory:

Hand Weapons
 v - the +8 Wrath of Trog {antimagic, *Rage}
   (You found it on level 1 of the Depths)

   It reduces the magical energy of the wielder, and disrupts the spells and
   magical abilities of those hit.
   Natural abilities and divine invocations are not affected.
   It may make you go berserk in combat.
 T - a cursed +7 broad axe of freezing (weapon)
Missiles
 n - 82 boomerangs (quivered) {Pumpkin Seeds}
 C - 143 poisoned darts
 E - 5 throwing nets
Armour
 a - the +6 plate armour of Valour {+Inv rPois rN+ Dex+2}
   (You found it on level 2 of the Vaults)

   It affects your dexterity (+2).
   It protects you from poison.
   It protects you from negative energy.
   It lets you turn invisible.
 c - a cursed +2 hat
 j - a cursed +3 kite shield (worn)
 s - a cursed +2 pair of boots (worn)
 G - cursed +0 gold dragon scales (worn)
 I - a cursed +2 pair of gloves (worn)
 R - a cursed +2 cloak of poison resistance (worn)
Jewellery
 l - an uncursed ring of wizardry
 o - a cursed +4 ring of slaying (left hand)
 t - a cursed amulet of regeneration (around neck)
 x - an uncursed amulet of guardian spirit
 A - an uncursed ring of ice
 F - the ring "Vapt" {EV+4 Str+3}
   (You found it on level 1 of the Depths)

   [ring of evasion]

   It affects your evasion (+4).
   It affects your strength (+3).
 L - an uncursed ring of protection from fire
 N - an uncursed ring of resist corrosion
 Q - the cursed ring "Veib" (right hand) {rElec rF+ Will+ Stlth+}
   (You bought it in a shop on level 3 of the Depths)

   [ring of stealth]

   It protects you from fire.
   It insulates you from electricity.
   It affects your willpower, your defense against some magical effects.
   It makes you more stealthy.
   It has a curse placed upon it.
 W - the ring "Yhyanuth" {Ice Stlth+}
   (You found it on level 5 of the Vaults)

   [ring of ice]

   It enhances your ice magic.
   It makes you vulnerable to fire.
   It protects you from cold.
   It makes you more stealthy.
 Z - an uncursed amulet of the acrobat
Wands
 k - a wand of iceblast (4)
 p - a wand of disintegration (8)
 q - a wand of enslavement (8)
 u - a wand of digging (12)
Scrolls
 d - 3 scrolls of amnesia
 f - a scroll of silence
 z - a scroll of identify
 D - 12 scrolls of remove curse
 K - 2 scrolls of magic mapping
 M - 10 scrolls of teleportation
Potions
 b - 7 potions of curing
 h - 7 potions of ambrosia
 J - 6 potions of flight
Books
 B - a manual of Short Blades
Miscellaneous
 e - a box of beasts
 m - a phial of floods
 r - a lightning rod (4/4)
 H - a phantom mirror (inert)
 S - a condenser vane (inert)
 U - a tin of tremorstones (1/2)


   Skills:
 * Level 23.8 Fighting
 - Level 17.0(20.3) Axes
 - Level 2.0 Bows
 - Level 10.1 Throwing
 * Level 19.8(22.9) Armour
 * Level 18.8 Dodging
 * Level 16.0(18.2) Shields
 - Level 10.9 Spellcasting
 - Level 5.8(9.8) Summonings
 - Level 9.9(13.7) Necromancy
 - Level 10.2(14.0) Translocations
 - Level 7.6(11.6) Transmutations
 - Level 4.8(8.7) Earth Magic
 * Level 11.8(15.5) Evocations


You had 4 spell levels left.
You knew the following spells:

 Your Spells              Type           Power        Failure   Level
a - Petrify               Tmut/Erth      8%           26%         4
b - Summon Forest         Summ/Tloc      4%           34%         5
c - Vampiric Draining     Necr           5%           1%          3
d - Animate Dead          Necr           5%           5%          4
e - Sandblast             Erth           14%          3%          1
f - Agony                 Necr           10%          16%         5
g - Wereblood             Tmut           8%           1%          2
h - Blink                 Tloc           N/A          1%          2
i - Swiftness             Air            2%           92%         2
j - Passage of Golubria   Tloc           N/A          4%          4
k - Death Channel         Necr           5%           69%         6
m - Corpse Rot            Necr/Air       N/A          13%         2
n - Passwall              Tmut/Erth      6%           3%          2

Your spell library contained the following spells:

 Spells                   Type           Power        Failure   Level
 Animate Skeleton         Necr           20%          1%          1
 Beastly Appendage        Tmut           16%          1%          1
 Pain                     Necr           40%          1%          1
 Sublimation of Blood     Necr           5%           1%          2
 Gell's Gravitas          Tloc           5%           1%          3
 Teleport Other           Tloc           10%          1%          3
 Summon Small Mammal      Summ           28%          2%          1
 Call Imp                 Summ           7%           3%          2
 Call Canine Familiar     Summ           7%           8%          3
 Sting                    Tmut/Pois      20%          13%         1
 Portal Projectile        Hex/Tloc       12%          26%         3
 Spider Form              Tmut/Pois      2%           41%         3
 Summon Guardian Golem    Hex/Summ       4%           54%         3
 Stone Arrow              Conj/Erth      8%           63%         3
 Ignite Poison            Fire/Tmut/Pois 4%           67%         3
 Iskenderun's Mystic Bla  Conj/Tloc      6%           67%         4
 Corona                   Hex            2%           82%         1
 Foxfire                  Conj/Fire      8%           83%         1
 Freeze                   Ice            8%           83%         1
 Magic Dart               Conj           8%           83%         1
 Shock                    Conj/Air       8%           83%         1
 Ice Form                 Ice/Tmut       5%           83%         4
 Ensorcelled Hibernation  Hex/Ice        4%           92%         2
 Poisonous Vapours        Pois/Air       4%           92%         2
 Searing Ray              Conj           4%           92%         2
 Slow                     Hex            2%           92%         2
 Summon Ice Beast         Ice/Summ       4%           92%         4
 Summon Lightning Spire   Summ/Air       4%           92%         4
 Leda's Liquefaction      Hex/Erth       2%           96%         4
 Confusing Touch          Hex            2%           99%         3
 Conjure Flame            Conj/Fire      2%           99%         3
 Dazzling Flash           Conj/Hex       4%           99%         3
 Frozen Ramparts          Ice            4%           99%         3
 Inner Flame              Hex/Fire       2%           99%         3
 Mephitic Cloud           Conj/Pois/Air  2%           99%         3
 Tukima's Dance           Hex            2%           99%         3
 Cause Fear               Hex            1%           100%        4
 Hailstorm                Conj/Ice       2%           100%        4
 Olgreb's Toxic Radiance  Pois           2%           100%        4
 Sticky Flame             Conj/Fire      2%           100%        4
 Blade Hands              Tmut           4%           38%         5
 Lee's Rapid Deconstruct  Erth           3%           80%         5
 Hydra Form               Tmut           4%           94%         6
 Alistair's Intoxication  Tmut/Pois      3%           99%         5
 Irradiate                Conj/Tmut      2%           99%         5
 Yara's Violent Unravell  Hex/Tmut       2%           99%         5
 Statue Form              Tmut/Erth      5%           99%         6
 Bolt of Magma            Conj/Fire/Erth 1%           100%        5
 Fireball                 Conj/Fire      1%           100%        5
 Iskenderun's Battlesphe  Conj           2%           100%        5
 Metabolic Englaciation   Hex/Ice        1%           100%        5
 Eringya's Noxious Bog    Tmut/Pois      2%           100%        6
 Freezing Cloud           Conj/Ice/Air   1%           100%        6
 Invisibility             Hex            2%           100%        6
 Iron Shot                Conj/Erth      2%           100%        6
 Starburst                Conj/Fire      1%           100%        6
 Dragon Form              Tmut           4%           100%        7
 Malign Gateway           Summ/Tloc      4%           100%        7
 Monstrous Menagerie      Summ           3%           100%        7
 Orb of Destruction       Conj           1%           100%        7
 Spellforged Servitor     Conj/Summ      2%           100%        7
 Summon Greater Demon     Summ           3%           100%        7
 Summon Hydra             Summ           3%           100%        7
 Disjunction              Tloc           5%           100%        8
 Ignition                 Fire           1%           100%        8
 Summon Horrible Things   Summ           3%           100%        8
 Dragon's Call            Summ           3%           100%        9


Dungeon Overview and Level Annotations

Branches:
Dungeon (15/15)            Temple (0/1) D:7            Lair (6/6) D:11
 Shoals (4/4) Lair:4       Spider (4/4) Lair:4        Slime (0/5) Lair:5
    Orc (2/2) D:10            Elf (0/3) Orc:2        Vaults (5/5) D:13
  Crypt (0/3) Vaults:2     Depths (5/5) D:15            Zot (5/5) Depths:5
 WizLab (visited)

Altars:
Ashenzari
Cheibriados
Fedhas
Kikubaaqudgha
Ru
Sif Muna
Vehumet
Xom
Zin
The Shining One
Beogh

Shops:
D:6 *   D:11 !   D:12 [   D:14 }   Orc:2 *?(?   Shoals:2 [   Vaults:1 :
Depths:3 }}=

Portals:
Hell: Depths:1 Depths:2 Depths:3 Depths:4 Depths:5
Abyss: Depths:4
Pandemonium: Depths:3 Depths:4
Ziggurat: Depths:4

Annotations:
D:3 2 runed translucent doors, 2 transporters, Everton's ghost, amateur GnWn
Lair:1 exclusion: oklob plant
Lair:5 exclusion: oklob plant
Shoals:4 2 transporters, GimliDwarf's ghost, adept TeVM
Spider:3 Roxanne
Vaults:2 3 runed translucent doors, Eldin's ghost, veteran DEWz
Depths:3 3 runed translucent doors


Innate Abilities, Weirdness & Mutations

You reflexively headbutt those who attack you in melee.
You have a pair of horns on your head.
You are partially covered in molten scales. (AC +2)
Your flesh is cold resistant. (rC+)
Your body often deteriorates upon taking damage.
You are very frail. (-20% HP)
Your magical capacity is low. (-10% MP)
Your natural rate of healing is unusually fast.
You evolve.
Your spells are easier to cast, but less powerful.


Message History

Your primal bloodlust is almost over.
An orb of fire comes into view.
You block the Orb Guardian's attack. The Orb Guardian hits you!
* * * LOW HITPOINT WARNING * * *
The ancient lich points at itself and mumbles some strange words.
The ancient lich flickers and vanishes for a moment.
The black draconian knight casts a spell at itself.
The black draconian knight flickers and vanishes for a moment.
The Orb Guardian hits you but does no damage.
Unknown command.
Okay, then.
You are confused.
You feel invigorated. The Orb Guardian completely misses you.
The electric golem blinks!
The Killer Klown pies you viciously! The klown pie hits you!!!
Raspberry!
You feel weakened.
You feel dopey.
You feel clumsy.
* * * LOW HITPOINT WARNING * * *
The Orb Guardian hits you!!
You die...

*,,,,,,,^,,,,,,,,,,,,*
*,,,,,,............^.#
*,,,,,,..............# *
*,,,,,,^.............#
***,,,,,,..............#
,***,,,,,.....§.......#*
,,,**,,,,......).....#*
*,,,^,,,,....L..XX..#*
*************#.p@..▓*
****,,,,.^...D*.§..▓*
**,,,,^,,............▓*
,,,,,,,,,.......*d..q.▓*
,,,,,,,,,..*...........▓
,,,,,,,,,.*.......q.X..▓
,,,,,,,,,............d▓▓
,,,,,,,,,............▓▓
,,^,,,,,,,,,,,,,,,,,**


You could see 4 orbs of fire, a Killer Klown, 2 draconians, a golden dragon, an
ancient lich (invisible), a black draconian (fleeing), a green draconian
(fleeing) and 3 Orb Guardians.

Vanquished Creatures
  3 orbs of fire
  A juggernaut (Depths:4)
  2 ancient liches
  2 Killer Klowns
  Nikola (Vaults:1)
  A caustic shrike (Depths:4)
  9 golden dragons
  the Enchantress (Depths:4)
  2 bone dragons (Zot:2)
  4 liches
  14 tentacled monstrosities
  7 Orb Guardians (Zot:5)
  Rupert (D:12)
  8 quicksilver dragons
  9 titans
  A quicksilver dragon (shapeshifter) (Zot:2)
  5 sphinxes
  10 death cobs
  A tentacled starspawn (Abyss:2)
  A kraken (Shoals:4)
  Frances (D:12)
  11 shadow dragons
  9 storm dragons
  5 draconian monks
  6 tengu reavers
  Donald (Vaults:2)
  14 vault wardens
  7 ghost moths
  6 draconian knights
  8 fire giants
  3 deep elf sorcerers
  7 emperor scorpions
  11 frost giants
  7 draconian scorchers
  3 iron dragons
  6 draconian shifters
  An orc warlord (Orc:2)
  11 ironheart preservers
  A war gargoyle (Vaults:3)
  4 draconian stormcallers
  35 very ugly things
  5 spriggan defenders
  18 stone giants
  A stone giant (shapeshifter) (Depths:4)
  5 draconian annihilators
  2 vampire knights
  5 black draconians
  2 deep elf annihilators (Vaults:4)
  10 white draconians
  6 spark wasps
  4 dire elephants (Lair:6)
  5 green draconians
  4 entropy weavers
  18 purple draconians
  6 red draconians
  17 yellow draconians
  2 merfolk javelineers
  3 deep elf death magi (Vaults:5)
  9 statues (WizLab)
  14 fire dragons
  16 ettins
  A green death (Depths:3)
  3 merfolk impalers
  A great orb of eyes (shapeshifter) (Vaults:4)
  21 yaktaur captains
  3 jiangshi (Depths:1)
  Fannar (D:10)
  16 ice dragons
  29 vault guards
  3 spriggan air magi
  3 great orbs of eyes
  5 rakshasas
  An anaconda (shapeshifter) (Vaults:2)
  11 hydras
  2 alligator snapping turtles
  An anaconda (Lair:6)
  5 merfolk aquamancers
  7 merfolk avatars
  7 boulder beetles
  42 two-headed ogres
  12 centaur warriors
  11 deep troll shamans
  11 ogre magi
  6 vampire magi
  3 hell hogs (Depths:2)
  2 death knights (Vaults:2)
  A death yak (Shoals:3)
  11 tengu warriors
  4 orc high priests (Orc:2)
  A satyr (Shoals:3)
  6 deep troll earth magi
  4 spriggan berserkers
  A sun demon (Depths:3)
  2 thrashing horrors (Abyss:2)
  Sonja (Lair:1)
  2 fire crabs (shapeshifter)
  10 deep elf knights
  7 hell knights
  17 sea snakes
  5 iron trolls
  A goliath frog (Vaults:2)
  6 skeletal warriors
  5 flayed ghosts
  A shadow wraith (Vaults:2)
  A fire crab (Shoals:1)
  2 unseen horrors (shapeshifter)
  26 deep trolls
  4 unseen horrors
  15 ironbrand convokers
  A death drake (shapeshifter) (Vaults:5)
  8 deep elf archers
  6 wizards
  5 glowing orange brains
  A swamp dragon (shapeshifter) (Vaults:3)
  A deep troll (shapeshifter) (Vaults:5)
  4 lindwurms (Lair:2)
  6 phantasmal warriors
  2 necromancers (Depths:4)
  13 harpies
  Pikel (D:7)
  14 cyclopes
  29 wolf spiders
  64 ugly things
  17 orc knights
  17 orb spiders
  24 deep elf magi
  11 manticores
  14 fauns
  A shining eye (shapeshifter) (Vaults:4)
  A salamander (Depths:3)
  7 orc sorcerers
  A black mamba (shapeshifter) (Depths:3)
  21 moths of wrath
  Joseph (D:7)
  A guardian serpent (shapeshifter) (Vaults:4)
  An elephant (shapeshifter) (Vaults:2)
  7 merfolk sirens
  16 elephants
  2 rust devils (Depths:3)
  15 vault sentinels
  2 water nymphs (Shoals:4)
  3 gargoyles
  4 black mambas
  An eye of devastation (shapeshifter) (Vaults:1)
  5 centaur skeletons
  Maggie (D:7)
  A rime drake (Lair:6)
  12 cane toads
  A torpor snail (Lair:5)
  5 tengu conjurers
  7 komodo dragons
  An ice devil (Depths:5)
  6 freezing wraiths
  15 demonic crawlers
  11 trolls
  63 yaktaurs
  2 meliai (shapeshifter) (Vaults:2)
  3 meliai
  A merfolk (shapeshifter) (Depths:3)
  Prince Ribbit (D:9)
  5 wind drakes
  30 jumping spiders
  19 hornets
  2 hornets (shapeshifter)
  21 merfolk
  A dream sheep (shapeshifter) (Vaults:5)
  A polar bear (Lair:6)
  28 blink frogs
  12 dream sheep
  18 slime creatures
  10 snapping turtles
  2 centaur simulacra
  63 redbacks
  9 spriggans
  Eustachio (D:6)
  A shadow (D:12)
  2 vampires
  27 water elementals
  25 tarantellas
  2 wyverns
  A ynoxinul (Abyss:2)
  51 yaks
  2 fire bats (Shoals:1)
  A tarantella (shapeshifter) (Vaults:1)
  2 wyverns (shapeshifter)
  2 basilisks (shapeshifter) (Depths:1)
  5 wraiths
  9 humans (D:13)
  A golden eye (shapeshifter) (Vaults:4)
  A human (shapeshifter) (Depths:3)
  3 basilisks
  3 small abominations (Abyss:2)
  2 human simulacra
  10 vampire mosquitoes
  9 wargs
  A warg (shapeshifter) (Depths:1)
  A chaos spawn (Depths:3)
  A soldier ant (D:15)
  2 swamp worms (shapeshifter)
  2 acid dragons
  9 hell hounds (Depths:2)
  11 water moccasins
  Duvessa (D:7)
  A sky beast (D:15)
  49 orc warriors
  6 black bears
  42 ogres
  2 eyes of draining
  5 ice beasts
  A centaur (shapeshifter) (Vaults:2)
  24 boggarts
  9 centaurs
  9 wolves
  2 lemures (D:7)
  2 big kobolds (Depths:1)
  25 bullfrogs
  2 gnoll sergeants
  Dowan (D:7)
  A water moccasin zombie (D:7)
  A wyvern zombie (D:14)
  3 scorpions
  6 wights
  3 killer bees (D:9)
  An electric eel (Spider:3)
  A howler monkey (D:6)
  2 centaur zombies
  A crimson imp (Depths:3)
  9 hounds
  3 bullfrog zombies
  A lava snake (Lair:4)
  5 bullfrog skeletons
  30 orc priests
  3 iron imps (Depths:3)
  2 jellies
  15 orc wizards
  Jessica (D:2)
  4 worker ants
  5 iguanas
  7 hell rats (Lair:5)
  A killer bee zombie (D:7)
  A hound skeleton (D:9)
  Robin (D:4)
  9 adders
  15 gnolls
  3 shadow imps
  4 white imps
  5 ufetubi
  2 adder skeletons
  3 adder zombies
  4 worms
  A dart slug (D:4)
  4 leopard geckos
  117 orcs
  4 bats (D:1)
  A giant cockroach (D:2)
  16 goblins
  10 hobgoblins
  6 kobolds
  7 quokkas
  A ball python (D:3)
  4 frilled lizards
  A leopard gecko zombie (D:5)
  A quokka zombie (D:6)
  6 rats
  2 tentacles (Shoals:4)
2111 creatures vanquished.

Vanquished Creatures (collateral kills)
  A Killer Klown (Zot:1)
  A tentacled monstrosity (Zot:4)
  A shadow dragon (Vaults:5)
  A storm dragon (Zot:4)
  An iron dragon (Vaults:5)
  A ghost moth (Zot:2)
  An ironheart preserver (Vaults:2)
  A green draconian (Zot:2)
  A white draconian (Zot:4)
  A great orb of eyes (Vaults:1)
  A fire dragon (Depths:2)
  2 ice dragons
  2 vault guards (Vaults:1)
  An ogre mage (Vaults:1)
  A deep elf knight (Vaults:1)
  2 deep trolls (Vaults:2)
  An orc knight (Vaults:2)
  2 moths of wrath
  A yaktaur (Vaults:5)
  A slime creature (Vaults:3)
  2 orc warriors
  A boggart (Depths:4)
  An ogre (Vaults:2)
  An orc wizard (Vaults:1)
  An orc priest (Orc:2)
  2 orcs (Vaults:2)
32 creatures vanquished.

Vanquished Creatures (others)
  A fire giant (Depths:2)
  A vampire knight (Depths:3)
  A deep elf demonologist (Vaults:5)
  A red draconian (Zot:2)
  A yellow draconian (Zot:4)
  A two-headed ogre (Vaults:1)
  2 deep trolls
  A sea snake (Shoals:4)
  A demonic crawler (Spider:3)
  A yaktaur (Vaults:3)
  A jumping spider (Spider:4)
  A hornet (Spider:4)
  A slime creature (Vaults:3)
  A human (D:13)
  An ogre (Depths:1)
  47 fungi
  138 plants
  2 starspawn tentacles (Abyss:2)
  4 tentacles (Shoals:4)
207 creatures vanquished.

Grand Total: 2350 creatures vanquished

Notes
Turn   | Place    | Note
-------+----------+-------------------------------------------
     0 | D:1      | tkbsonic5 the Minotaur Gladiator began the quest for the
                  | Orb.
     0 | D:1      | Reached XP level 1. HP: 18/18 MP: 0/0
   275 | D:1      | Reached XP level 2. HP: 21/25 MP: 1/1
   415 | D:1      | Reached skill level 3 in Fighting
   660 | D:1      | Reached skill level 1 in Armour
   916 | D:2      | Reached XP level 3. HP: 25/31 MP: 2/2
  1402 | D:2      | Found a shimmering blue altar of Sif Muna.
  1403 | D:2      | Found a broken altar of Ashenzari.
  1411 | D:2      | Became a worshipper of Ashenzari the Shackled
  1426 | D:2      | Noticed Jessica
  1433 | D:2      | Killed Jessica
  1434 | D:2      | Reached skill level 1 in Shields
  1434 | D:2      | Reached XP level 4. HP: 37/38 MP: 3/3
  2002 | D:3      | Found a runed translucent door.
  2004 | D:3      | Found a transporter.
  2005 | D:3      | Noticed Everton's ghost (amateur GnWn)
  2021 | D:3      | Found a transporter.
  2324 | D:3      | Found a basalt altar of Yredelemnul.
  2361 | D:3      | Reached XP level 5. HP: 46/46 MP: 4/4
  2439 | D:3      | Found a snail-covered altar of Cheibriados.
  2439 | D:3      | Noticed a two-headed ogre
  2593 | D:3      | Found a runed translucent door.
  2671 | D:3      | Found a blossoming altar of Fedhas.
  2671 | D:3      | Found a shimmering altar of Xom.
  2673 | D:3      | Found an ancient bone altar of Kikubaaqudgha.
  2673 | D:3      | Found a shimmering altar of Xom.
  2673 | D:3      | Found a shimmering blue altar of Sif Muna.
  2959 | D:4      | Reached skill level 4 in Fighting
  2966 | D:4      | Noticed an ice beast
  2973 | D:4      | Killed an ice beast
  2974 | D:4      | Reached skill level 5 in Long Blades
  2974 | D:4      | Reached XP level 6. HP: 52/52 MP: 5/5
  3035 | D:4      | Reached * piety under Ashenzari
  3465 | D:4      | Noticed Robin
  3483 | D:4      | Killed Robin
  3728 | D:5      | Entered Level 5 of the Dungeon
  3933 | D:5      | Reached skill level 5 in Fighting
  3933 | D:5      | Reached XP level 7. HP: 49/61 MP: 6/6
  4990 | D:6      | Noticed Eustachio
  4997 | D:6      | Killed Eustachio
  4998 | D:6      | Reached skill level 1 in Bows
  4998 | D:6      | Reached skill level 5 in Dodging
  5244 | D:6      | Reached XP level 8. HP: 66/70 MP: 7/7
  5351 | D:6      | Reached skill level 6 in Fighting
  5716 | D:6      | Found Vycradas's Elemental Accessories.
  5724 | D:6      | Bought a wand of iceblast (5) for 99 gold pieces
  6432 | D:7      | Noticed Joseph
  6452 | D:7      | Killed Joseph
  6453 | D:7      | Reached skill level 7 in Fighting
  6453 | D:7      | Reached skill level 5 in Armour
  6453 | D:7      | Reached XP level 9. HP: 79/79 MP: 8/8
  6647 | D:7      | Noticed Pikel
  6659 | D:7      | Killed Pikel
  6756 | D:7      | Noticed Dowan
  6758 | D:7      | Noticed Duvessa
  6763 | D:7      | Killed Duvessa
  6766 | D:7      | Killed Dowan
  7090 | D:7      | Found a staircase to the Ecumenical Temple.
  7184 | D:7      | Noticed Maggie
  7192 | D:7      | Killed Maggie
  7193 | D:7      | Reached skill level 8 in Fighting
  7193 | D:7      | Reached skill level 5 in Throwing
  7482 | D:7      | Reached ** piety under Ashenzari
  7544 | D:8      | Reached skill level 1 in Axes
  7544 | D:8      | Reached skill level 1 in Maces & Flails
  7546 | D:8      | Reached XP level 10. HP: 90/90 MP: 9/9
  7894 | D:8      | Reached skill level 5 in Bows
  8449 | D:9      | Found a radiant altar of Vehumet.
  8449 | D:9      | Noticed Prince Ribbit
  8468 | D:9      | Killed Prince Ribbit
  8569 | D:9      | Gained mutation: Your spells are a little harder to cast,
                  | but a little more powerful. [potion of mutation]
  8569 | D:9      | Gained mutation: Scrolls take you a little longer to read.
                  | [potion of mutation]
  8569 | D:9      | Gained mutation: Your natural rate of healing is unusually
                  | fast. [potion of mutation]
  8682 | D:9      | Found a glowing silver altar of Zin.
  8800 | D:9      | Reached skill level 9 in Fighting
  9019 | D:10     | Entered Level 10 of the Dungeon
  9421 | D:10     | Noticed an orc knight
  9540 | D:10     | Noticed Fannar
  9594 | D:11     | Found Luraag's Distillery.
  9601 | D:11     | Bought a potion of curing for 42 gold pieces
  9601 | D:11     | Bought a potion of curing for 42 gold pieces
  9601 | D:11     | Bought a potion of lignification for 42 gold pieces
  9601 | D:11     | Bought a potion of lignification for 42 gold pieces
  9618 | D:11     | Found a staircase to the Lair.
  9770 | D:10     | Found a staircase to the Orcish Mines.
  9771 | D:10     | Reached *** piety under Ashenzari
  9870 | D:10     | Reached XP level 11. HP: 94/99 MP: 10/10
  9952 | D:10     | Killed Fannar
 10020 | D:10     | Found a glowing golden altar of the Shining One.
 10150 | D:10     | Killed an orc knight
 10151 | D:10     | Reached skill level 10 in Fighting
 10623 | Lair:1   | Entered Level 1 of the Lair of Beasts
 10716 | Lair:1   | Reached skill level 5 in Axes
 10742 | Lair:1   | Noticed an oklob plant
 10886 | Lair:1   | Noticed a four-headed hydra
 10896 | Lair:1   | Killed a ten-headed hydra
 11132 | Lair:1   | Noticed Sonja
 11138 | Lair:1   | Killed Sonja
 11363 | Lair:1   | Reached skill level 11 in Fighting
 11865 | Lair:2   | Reached XP level 12. HP: 102/110 MP: 11/11
 11891 | Lair:2   | Reached skill level 5 in Shields
 12138 | Lair:2   | Reached **** piety under Ashenzari
 12175 | Lair:2   | Noticed a seven-headed hydra
 12187 | Lair:2   | Killed a seven-headed hydra
 12616 | Lair:2   | Identified the ring of Dyopux {rN+ AC+4}
 13081 | Lair:3   | Reached skill level 12 in Fighting
 13979 | Lair:4   | Noticed a six-headed hydra
 13997 | Lair:4   | Killed a six-headed hydra
 13998 | Lair:4   | Reached skill level 1 in Evocations
 13998 | Lair:4   | Reached XP level 13. HP: 119/119 MP: 12/12
 14525 | Lair:4   | Reached ***** piety under Ashenzari
 14592 | Lair:4   | Reached skill level 10 in Armour
 14739 | Lair:4   | Found a hole to the Spider Nest.
 14865 | Lair:4   | Reached skill level 10 in Axes
 14869 | Lair:4   | Reached skill level 1 in Evocations
 14897 | Lair:4   | Found a staircase to the Shoals.
 15175 | Lair:5   | Reached skill level 13 in Fighting
 15276 | Lair:5   | Found a staircase to the Slime Pits.
 15402 | Lair:6   | Entered Level 6 of the Lair of Beasts
 15757 | Lair:6   | Found a dark tunnel.
 16072 | Lair:6   | Reached skill level 10 in Throwing
 16111 | Lair:6   | Noticed a dire elephant
 16125 | Lair:6   | Killed a dire elephant
 16126 | Lair:6   | Reached XP level 14. HP: 71/129 MP: 13/13
 16629 | Lair:6   | Reached skill level 10 in Dodging
 17081 | Orc:1    | Entered Level 1 of the Orcish Mines
 17372 | Orc:2    | Entered Level 2 of the Orcish Mines
 17985 | Orc:2    | Reached skill level 14 in Fighting
 18082 | Orc:2    | Found a roughly hewn altar of Beogh.
 18241 | Orc:2    | Found Hefutew's Assorted Antiques.
 18256 | Orc:2    | Bought a scroll labelled MOJANO KUS NIZ for 30 gold pieces
 18256 | Orc:2    | Bought a scroll labelled WIUPEBEWNUMUH for 30 gold pieces
 18256 | Orc:2    | Bought a dented peridot amulet for 150 gold pieces
 18256 | Orc:2    | Bought an embroidered robe for 111 gold pieces
 18256 | Orc:2    | Bought a potion of might for 120 gold pieces
 18269 | Orc:2    | Found Coxel's Magic Scroll Shop.
 18291 | Orc:2    | Bought a scroll of teleportation for 36 gold pieces
 18291 | Orc:2    | Bought a scroll of identify for 24 gold pieces
 18291 | Orc:2    | Bought a scroll of remove curse for 36 gold pieces
 18291 | Orc:2    | Bought a scroll of identify for 24 gold pieces
 18291 | Orc:2    | Bought a scroll of summoning for 114 gold pieces
 18291 | Orc:2    | Bought a scroll of holy word for 90 gold pieces
 18291 | Orc:2    | Bought a scroll of blinking for 90 gold pieces
 18291 | Orc:2    | Bought a scroll of identify for 24 gold pieces
 18462 | Orc:2    | Found Rymudiqu's Magic Scroll Emporium.
 18490 | Orc:2    | Bought a scroll of teleportation for 48 gold pieces
 18490 | Orc:2    | Bought a scroll of magic mapping for 56 gold pieces
 18490 | Orc:2    | Bought a scroll of fear for 56 gold pieces
 18490 | Orc:2    | Bought a scroll of identify for 32 gold pieces
 18490 | Orc:2    | Bought a scroll of identify for 32 gold pieces
 18530 | Orc:2    | Noticed an orc warlord
 18611 | Orc:2    | Killed an orc warlord
 18942 | Orc:2    | Found a staircase to the Elven Halls.
 19030 | Orc:2    | Identified Esudgh's Compendium of Torrid Arcane Weapons
 19158 | Orc:2    | Found a roughly hewn altar of Beogh.
 19250 | Orc:2    | Found Fessymos's Weapon Shoppe.
 19633 | Spider:1 | Entered Level 1 of the Spider Nest
 20086 | Spider:1 | Reduced skill Evocations to level 1
 20086 | Spider:1 | Reached XP level 15. HP: 134/139 MP: 14/14
 20108 | Spider:1 | Reached skill level 5 in Maces & Flails
 20245 | Spider:1 | Reached skill level 1 in Evocations
 20913 | Spider:1 | Got the cursed morningstar of Zolinnim {speed, rF+ rC++ rN+
                  | Stlth+}
 21010 | Spider:2 | Identified the cursed +1 morningstar of Zolinnim {speed,
                  | rF+ rC++ rN+ Stlth+} (You found it on level 1 of the Spider
                  | Nest)
 21472 | Spider:2 | Reached skill level 15 in Fighting
 21675 | Spider:3 | Reached skill level 1 in Necromancy
 21675 | Spider:3 | Noticed a ghost moth
 21690 | Spider:3 | Killed a ghost moth
 21691 | Spider:3 | Reduced skill Maces & Flails to level 1
 21767 | Spider:3 | Noticed a ghost moth
 21777 | Spider:2 | Reduced skill Evocations to level 1
 21777 | Spider:2 | Reached skill level 1 in Spellcasting
 21873 | Spider:3 | Killed a ghost moth
 22013 | Spider:3 | Reached skill level 1 in Evocations
 22131 | Spider:3 | Identified the +5 mace "Dishrel" {vorpal, Dex+3}
 22354 | Spider:3 | Identified Roxanne's Catalogue of Transformation
 22354 | Spider:3 | Noticed Roxanne
 22678 | Spider:4 | Entered Level 4 of the Spider Nest
 22874 | Spider:4 | Reached XP level 16. HP: 146/149 MP: 17/17
 22890 | Spider:4 | Identified the ring of Sekk {*Corrode rN+ Str+8 SInv}
 23163 | Spider:4 | Reached skill level 10 in Shields
 23565 | Spider:4 | Got a gossamer rune of Zot
 23764 | Shoals:1 | Entered Level 1 of the Shoals
 23789 | Shoals:1 | Reached skill level 16 in Fighting
 24927 | Shoals:2 | Reached skill level 5 in Evocations
 25022 | Shoals:2 | Found Guzxuraugi's Antique Armour Boutique.
 25225 | Shoals:2 | Reached XP level 17. HP: 160/160 MP: 18/18
 26227 | Shoals:3 | Identified the cursed -3 pair of gloves "Kabam" {rN+}
 26246 | Shoals:3 | Reached skill level 17 in Fighting
 26477 | Shoals:4 | Entered Level 4 of the Shoals
 26575 | Shoals:4 | Found a transporter.
 26611 | Shoals:4 | Found a transporter.
 26615 | Shoals:4 | Noticed GimliDwarf's ghost (adept TeVM)
 26616 | Shoals:4 | Identified the ring of Boets {*Corrode Will+ AC+4 Str+2}
 26772 | Shoals:4 | Identified Sif Muna's Sorcery for Novices
 27030 | Shoals:4 | Noticed a kraken
 27308 | Shoals:4 | Killed a kraken
 27331 | Shoals:4 | Got a barnacled rune of Zot
 27654 | D:12     | Noticed Rupert
 27685 | D:12     | Killed Rupert
 27821 | D:12     | Identified the +7 short sword of Interdependent Arising
                  | {pain, rN+}
 27919 | D:12     | Paralysed by a wizard for 5 turns
 28007 | D:12     | Noticed Frances
 28020 | D:12     | Killed Frances
 28565 | D:12     | Reached ****** piety under Ashenzari
 28753 | D:12     | Found Uminezu's Antique Armour Emporium.
 28756 | D:12     | Bought a distressingly furry scale mail for 360 gold pieces
 29077 | D:13     | Found a flagged portal.
 29199 | D:13     | Reached XP level 18. HP: 171/171 MP: 19/19
 29234 | D:13     | Reached skill level 18 in Fighting
 29309 | D:13     | Found a gate to the Vaults.
 29414 | D:13     | Found a gate leading to a gauntlet.
 29863 | D:14     | Found a sacrificial altar of Ru.
 29959 | D:14     | Found Qoong's Gadget Boutique.
 29964 | D:14     | Bought a wand of paralysis (10) for 204 gold pieces
 30400 | D:15     | Entered Level 15 of the Dungeon
 30431 | D:15     | Reached skill level 1 in Maces & Flails
 31054 | D:15     | Found a staircase to the Depths.
 31281 | D:15     | Identified the cursed +0 scale mail "Bihy" {Rampage rPois
                  | rN+ Int-2} (You bought it in a shop on level 12 of the
                  | Dungeon)
 31412 | Orc:1    | Learned a level 1 spell: Animate Skeleton
 31414 | Orc:1    | Learned a level 1 spell: Pain
 31418 | Orc:1    | Learned a level 3 spell: Vampiric Draining
 31423 | Orc:1    | Learned a level 4 spell: Animate Dead
 31425 | Orc:1    | Learned a level 1 spell: Sandblast
 31431 | Orc:1    | Learned a level 5 spell: Agony
 31434 | Orc:1    | Learned a level 2 spell: Wereblood
 31617 | Vaults:1 | Entered Level 1 of the Vaults
 31722 | Vaults:1 | Found Halet's Book Emporium.
 31933 | Vaults:1 | Noticed Nikola
 31950 | Vaults:1 | Killed Nikola
 32328 | Vaults:1 | Reached skill level 1 in Translocations
 32372 | Vaults:1 | Reduced skill Bows to level 5
 33274 | Vaults:2 | Noticed a tentacled monstrosity
 33605 | Vaults:2 | Reached XP level 19. HP: 181/181 MP: 25/25
 33703 | Vaults:2 | Found a staircase to the Crypt.
 34058 | Vaults:2 | Reached skill level 15 in Axes
 34340 | Vaults:2 | Learned a level 2 spell: Blink
 34343 | Vaults:2 | Noticed Donald
 34351 | Vaults:2 | Killed Donald
 34361 | Vaults:2 | Reached skill level 19 in Fighting
 34376 | Vaults:2 | Found a runed translucent gate.
 34376 | Vaults:2 | Found a runed translucent gate.
 34376 | Vaults:2 | Found a runed translucent gate.
 34377 | Vaults:2 | Noticed Eldin's ghost (veteran DEWz)
 34379 | Vaults:2 | Identified the +1 lajatang "Qeruc" {vorpal, rPois Will+
                  | Dex+3}
 34379 | Vaults:2 | Identified the +8 plate armour "Bop Naym" {Str+4}
 34588 | Vaults:2 | Got the uncursed plate armour of Valour {+Inv rPois rN+
                  | Dex+2}
 34599 | Vaults:2 | Identified the +6 plate armour of Valour {+Inv rPois rN+
                  | Dex+2} (You found it on level 2 of the Vaults)
 34610 | Vaults:2 | Learned a level 2 spell: Swiftness
 34615 | Vaults:2 | Learned a level 4 spell: Passage of Golubria
 34617 | Vaults:2 | Learned a level 1 spell: Corona
 34619 | Vaults:2 | Learned a level 1 spell: Summon Small Mammal
 35230 | Vaults:2 | Found a roughly hewn altar of Beogh.
 35339 | Vaults:3 | Reduced skill Long Blades to level 5
 35362 | Vaults:3 | Reached skill level 15 in Armour
 35473 | Vaults:3 | Reduced skill Long Blades to level 1
 35473 | Vaults:3 | Reached skill level 5 in Necromancy
 35594 | Vaults:3 | Identified the +3 spear "Anifeits" {protect, Dex+8}
 35720 | Vaults:3 | Reached skill level 1 in Earth Magic
 35859 | Vaults:3 | Reached skill level 1 in Summonings
 36027 | Vaults:3 | Reached skill level 1 in Transmutations
 36039 | Vaults:3 | Reached skill level 1 in Air Magic
 36202 | Vaults:3 | Reached skill level 5 in Spellcasting
 36423 | Vaults:3 | Reached XP level 20. HP: 191/191 MP: 26/26
 36638 | Vaults:3 | Learned a level 2 spell: Corpse Rot
 37314 | Vaults:4 | Reached skill level 5 in Transmutations
 37327 | Vaults:4 | Reached skill level 1 in Polearms
 38378 | Vaults:4 | Reached skill level 5 in Translocations
 38389 | Vaults:4 | Reduced skill Evocations to level 5
 38825 | Vaults:5 | Entered Level 5 of the Vaults
 39013 | Vaults:4 | Reached skill level 5 in Evocations
 39471 | Vaults:4 | Reached skill level 15 in Dodging
 39824 | Vaults:5 | Reached XP level 21. HP: 159/196 MP: 26/28
 39997 | Vaults:5 | Reached skill level 20 in Fighting
 40034 | Vaults:5 | Cast into level 2 of the Abyss (a deep elf demonologist)
 40051 | Abyss:2  | Found a corrupted altar of Lugonu.
 40151 | Abyss:2  | Found a corrupted altar of Lugonu.
 40206 | Vaults:5 | Escaped the Abyss
 40243 | Vaults:4 | Identified the cursed +0 chain mail of the Cicada {Harm
                  | *Drain +Inv Dex+7} (You found it on level 12 of the
                  | Dungeon)
 40243 | Vaults:4 | Identified the cursed +0 scale mail of Turunl Tazycs {rF+
                  | Regen+} (You found it on level 3 of the Shoals)
 40537 | D:11     | Bought a potion of attraction for 42 gold pieces
 40537 | D:11     | Bought a potion of attraction for 42 gold pieces
 40537 | D:11     | Bought a potion of brilliance for 56 gold pieces
 40677 | Orc:2    | Bought a scroll of silence for 90 gold pieces
 40677 | Orc:2    | Bought a scroll of amnesia for 42 gold pieces
 40682 | Orc:2    | Found a roughly hewn altar of Beogh.
 40682 | Orc:2    | Found Hefutew's Assorted Antiques.
 40901 | Vaults:1 | Bought the Catalogue of Virous Shape Shifting for 670 gold
                  | pieces
 40904 | Vaults:1 | Learned a level 2 spell: Passwall
 41598 | Vaults:5 | Identified the Handbook of Cankerous Flames
 41600 | Vaults:5 | Identified the Volume of Snow and Orientation
 41748 | Vaults:5 | Found the +4 robe of Augmentation {Str+4 Int+4 Dex+4}
 41813 | Vaults:5 | Identified the ring "Yhyanuth" {Ice Stlth+}
 42183 | Vaults:5 | Identified the +5 ring mail of Huhyiruu {MP+9 Int+6}
 42429 | Vaults:5 | Identified Yrchimas's Almanac of Mutagenic Sinister Arts
 42486 | Vaults:5 | Got a silver rune of Zot
 42846 | Depths:1 | Entered Level 1 of the Depths
 42850 | Depths:1 | Reached skill level 5 in Maces & Flails
 42867 | Depths:1 | Found a gateway to Hell.
 43278 | Depths:1 | Reached XP level 22. HP: 201/210 MP: 30/30
 43796 | Depths:1 | Reduced skill Evocations to level 5
 43960 | Depths:1 | Found the +8 Wrath of Trog {antimagic, *Rage}
 44010 | Depths:1 | Identified the ring "Vapt" {EV+4 Str+3}
 44295 | Depths:2 | Paralysed by an ogre mage for 7 turns
 44672 | Depths:2 | Reached skill level 5 in Summonings
 44690 | Depths:2 | Reached skill level 5 in Evocations
 44900 | Depths:2 | Learned a level 3 spell: Gell's Gravitas
 45714 | Depths:2 | Reduced skill Maces & Flails to level 1
 46039 | Depths:3 | Paralysed by a vampire knight for 6 turns
 46056 | Depths:3 | Reached skill level 21 in Fighting
 46079 | Depths:3 | Found a magical portal.
 46091 | Depths:3 | Reached XP level 23. HP: 208/220 MP: 31/33
 46123 | WizLab   | Entered Iskenderun's Mystic Tower
 46615 | WizLab   | Identified the Incunabulum of Bewitchment and the Entourage
 46656 | WizLab   | Identified Iskenderun's Papyrus of Combat Magic
 46656 | WizLab   | Identified Iskenderun's Collected Works on Conjuration
 47133 | Depths:3 | Found a runed translucent gate.
 47133 | Depths:3 | Found a runed translucent gate.
 47133 | Depths:3 | Found a runed translucent gate.
 47183 | Depths:3 | Reduced skill Evocations to level 5
 47249 | Depths:3 | Found a runed translucent gate.
 47249 | Depths:3 | Found a runed translucent gate.
 47249 | Depths:3 | Found a runed translucent gate.
 47282 | Depths:3 | Found Liud's Jewellery Emporium.
 47282 | Depths:3 | Found Dafapt's Gadget Shop.
 47283 | Depths:3 | Found Hutar's Gadget Shop.
 47291 | Depths:3 | Bought the ring "Veib" {rElec rF+ Will+ Stlth+} for 617
                  | gold pieces
 47293 | Depths:3 | Bought a wand of paralysis (11) for 195 gold pieces
 47293 | Depths:3 | Bought a wand of paralysis (11) for 195 gold pieces
 47293 | Depths:3 | Bought a wand of acid (9) for 390 gold pieces
 47527 | Depths:3 | Found a one-way gate leading to the halls of Pandemonium.
 48150 | Depths:3 | Identified the amulet "Zochecw" {Inacc Str+3}
 48389 | Depths:4 | Learned a level 4 spell: Petrify
 48395 | Depths:4 | Learned a level 5 spell: Summon Forest
 48472 | Depths:4 | Reduced skill Polearms to level 1
 48644 | Depths:4 | Found a one-way gate to the infinite horrors of the Abyss.
 48646 | Depths:4 | Noticed the Enchantress
 48657 | Depths:4 | Killed the Enchantress
 48658 | Depths:4 | Reached skill level 5 in Evocations
 48916 | Depths:4 | Noticed a juggernaut
 48931 | Depths:4 | Killed a juggernaut
 48932 | Depths:4 | Reached XP level 24. HP: 186/228 MP: 31/34
 49579 | Depths:4 | Found a gateway to a ziggurat.
 49666 | Depths:5 | Entered Level 5 of the Depths
 49875 | Depths:5 | Learned a level 6 spell: Death Channel
 49883 | Depths:5 | Found a flickering gateway to a bazaar.
 49891 | Bazaar   | Entered a bazaar
 49905 | Bazaar   | Found Gelog's Assorted Antiques.
 49910 | Bazaar   | Bought a scroll of teleportation for 84 gold pieces
 49921 | Bazaar   | Found Noyme's Antique Weapon Emporium.
 49937 | Bazaar   | Found Iczajaotea's Magic Scroll Shoppe.
 49937 | Bazaar   | Found Xemed's Magic Scroll Emporium.
 49942 | Bazaar   | Bought a scroll of enchant armour for 105 gold pieces
 49964 | Bazaar   | Bought a scroll of teleportation for 36 gold pieces
 50208 | Depths:5 | Reached skill level 10 in Spellcasting
 50214 | Depths:5 | Reached skill level 10 in Translocations
 50314 | Depths:5 | Reduced skill Throwing to level 10
 50489 | Depths:5 | Found a gate to the Realm of Zot.
 50728 | Zot:1    | Entered Level 1 of the Realm of Zot
 51546 | Zot:1    | Noticed a Killer Klown
 51549 | Zot:1    | Noticed a Killer Klown
 51599 | Zot:1    | Killed a Killer Klown
 51816 | Depths:5 | Killed a Killer Klown
 52085 | Zot:1    | Noticed an orb of fire
 52414 | Zot:1    | Reached skill level 22 in Fighting
 52774 | Zot:1    | Gained mutation: You are frail. (-10% HP) [an orb of fire]
 52779 | Zot:1    | Gained mutation: Your body sometimes deteriorates upon
                  | taking damage. [an orb of fire]
 52784 | Zot:1    | Gained mutation: Your body often deteriorates upon taking
                  | damage. [an orb of fire]
 52787 | Zot:1    | Gained mutation: Armour fits poorly on your strangely
                  | shaped body. [an orb of fire]
 52794 | Zot:1    | Killed an orb of fire
 52996 | Depths:1 | Lost mutation: Your body often deteriorates upon taking
                  | damage. [potion of mutation]
 52996 | Depths:1 | Lost mutation: Scrolls take you a little longer to read.
                  | [potion of mutation]
 52996 | Depths:1 | Gained mutation: You evolve. [potion of mutation]
 53136 | D:14     | Lost mutation: Armour fits poorly on your strangely shaped
                  | body. [potion of mutation]
 53136 | D:14     | Lost mutation: Your spells are a little harder to cast, but
                  | a little more powerful. [potion of mutation]
 53136 | D:14     | Gained mutation: You are agile. (Dex +2) [potion of
                  | mutation]
 54707 | Zot:1    | Reduced skill Air Magic to level 1
 55336 | Zot:2    | Reached XP level 25. HP: 209/216 MP: 36/36
 55459 | Zot:2    | Reached skill level 10 in Evocations
 55468 | Zot:2    | Noticed an ancient lich
 55475 | Zot:2    | Reduced skill Summonings to level 5
 55545 | Zot:2    | Killed an ancient lich
 55651 | Zot:2    | Noticed an orb of fire
 55671 | Zot:2    | Gained mutation: Your spells are a little easier to cast,
                  | but a little less powerful. [an orb of fire]
 55671 | Zot:2    | Gained mutation: Your body often deteriorates upon taking
                  | damage. [an orb of fire]
 55683 | Zot:2    | Gained mutation: You have a pair of large horns on your
                  | head. [an orb of fire]
 55693 | Zot:2    | Killed an orb of fire
 55694 | Zot:2    | Reached skill level 23 in Fighting
 55694 | Zot:2    | Lost mutation: You are agile. (Dex +2) [potion of mutation]
 55694 | Zot:2    | Lost mutation: You have a pair of large horns on your head.
                  | [potion of mutation]
 55694 | Zot:2    | Gained mutation: Your flesh is cold resistant. (rC+)
                  | [potion of mutation]
 55694 | Zot:2    | Gained mutation: You are partially covered in molten
                  | scales. (AC +2) [potion of mutation]
 55977 | Zot:2    | Identified the Handbook of Congealing Shape Shifting
 57386 | Zot:3    | Noticed a Killer Klown
 57399 | Zot:3    | Killed a Killer Klown
 57784 | Zot:3    | Noticed an orb of fire
 57793 | Zot:3    | Gained mutation: Your spells are easier to cast, but less
                  | powerful. [an orb of fire]
 57796 | Zot:3    | Gained mutation: You are very frail. (-20% HP) [an orb of
                  | fire]
 57798 | Zot:3    | Gained mutation: Your magical capacity is low. (-10% MP)
                  | [an orb of fire]
 57805 | Zot:3    | Killed an orb of fire
 57806 | Zot:3    | Reached skill level 15 in Shields
 58578 | Zot:4    | Reached XP level 26. HP: 186/200 MP: 31/33
 58920 | Zot:5    | Entered Level 5 of the Realm of Zot
 59141 | Depths:3 | Bought an uncursed ring of protection from fire for 350
                  | gold pieces
 59683 | Zot:5    | Noticed an ancient lich
 59688 | Zot:5    | Killed an ancient lich
 59714 | Zot:5    | Noticed an orb of fire
 59730 | Zot:5    | Noticed an orb of fire
 59730 | Zot:5    | Noticed an ancient lich
 59731 | Zot:5    | Noticed an orb of fire
 59732 | Zot:5    | Noticed an orb of fire
 59733 | Zot:5    | Noticed an orb of fire
 59734 | Zot:5    | Mangled by an Orb Guardian

Illustrated notes

Levels and vault maps discovered:
D:1:      sevenhm_arrival_forest_fort_small_4, layout_rooms
D:2:      layout_rooms, gammafunk_temple_overflow_pools,
          kennysheep_cluttered_room, due_unseen_surprise, uniq_jessica
D:3:      layout_loops_ring, gammafunk_temple_overflow_arena,
          ebering_ghost_sewer_f, hangedman_abyss_or_decor_stabs,
          doesnt_xom_only_xom
D:4:      layout_basic, uniq_robin
D:5:      layout_loops_cross, enter_ossuary_5
D:6:      layout_basic, nicolae_overflow_hidden_temple, nicolae_elemental_shop,
          grunt_ministairs_13, uniq_eustachio
D:7:      layout_loops_cross, minmay_temple_entry_mini_moons,
          grunt_decor_arrowhead, uniq_joseph, uniq_pikel, uniq_maggie,
          uniq_duvessa
D:8:      layout_basic
D:9:      layout_cave_pools, zin_academy, vehumet_altar_wand_db,
          uniq_prince_ribbit1
D:10:     layout_roguey, orc_david_3, tso_altar, uniq_fannar
D:11:     layout_long_grid, lair_entry_dummy, serial_shops, shop_fountains
D:12:     minmay_the_grid_square_5x5_5x5 [minmay_the_grid_square_5x5_inner_i,
          minmay_the_grid_square_5x5_checkered,
          minmay_the_grid_square_5x5_inset,
          minmay_the_grid_square_5x5_hollow_slash,
          minmay_the_grid_square_5x5_bite, minmay_the_grid_square_5x5_mess,
          minmay_the_grid_square_5x5_prize_itemx,
          minmay_the_grid_square_5x5_inner_v,
          minmay_the_grid_square_5x5_prize_deathbox,
          minmay_the_grid_square_5x5_checkered_sparse,
          minmay_the_grid_square_5x5_checkered_statues,
          minmay_the_grid_square_5x5_pentomino_r,
          minmay_the_grid_square_5x5_prize_rear_guard,
          minmay_the_grid_square_5x5_longway, minmay_the_grid_square_5x5_c,
          minmay_the_grid_square_5x5_gyroscope,
          minmay_the_grid_square_5x5_prize_pseudospiral,
          minmay_the_grid_square_5x5_intrusive_squares,
          minmay_the_grid_square_5x5_prize_waves,
          minmay_the_grid_square_5x5_slash, minmay_the_grid_square_5x5_corner,
          minmay_the_grid_square_5x5_fat_x,
          minmay_the_grid_square_5x5_bracketed,
          minmay_the_grid_square_5x5_three_walls,
          minmay_the_grid_square_5x5_minimal], layout_loops_ring, serial_shops,
          kennysheep_mini_moat, uniq_frances, uniq_rupert
D:13:     layout_small_grid, ximxim_vaults_locker_room, gauntlet_entry_generic,
          enter_bailey_1, lightli_corner_chamber
D:14:     layout_basic, nicolae_ru_path_of_blood, serial_shops,
          kennysheep_little_box
D:15:     grunt_enter_depths_hoard, layout_long_grid, minmay_misc_feat_five
Lair:1:   layout_loops_ring, minmay_lair_oklob_chamber, grunt_megastairs_4,
          uniq_sonja
Lair:2:   layout_regular_city, st_stairs_12, bh_autumn_forest_stairs,
          minmay_lindwurm_lava, grunt_megastairs_1
Lair:3:   layout_loops_ring
Lair:4:   layout_gridlike, minmay_shoals_entry_lonely_mermaid,
          spider_nest_entry_funnel_web, serial_forest,
          infiniplex_forest_straight_4, infiniplex_forest_straight_4,
          infiniplex_forest_straight_4, infiniplex_forest_lined_2,
          infiniplex_forest_clump_cross, infiniplex_forest_straight_4,
          infiniplex_forest_zigzag_1
Lair:5:   layout_gridlike, minmay_slime_entry_oklob_open, nzn_random_ring,
          serial_bayou_shore_b, uniq_kirke
Lair:6:   due_jungle_book, layout_regular_city, nicolae_volcano_entry_s_turn,
          serial_bayou_ford_a
Shoals:1: layout_shoals, hangedman_shoal_volcano
Shoals:2: layout_shoals, serial_shops, shop, nicolae_shoals_cliffside_cave
Shoals:3: layout_shoals, hangedman_shoals_cup_caves, uniq_polyphemus
Shoals:4: shoals_end_hangedman, layout_shoals,
          gammafunk_ghost_berserking_beasts, nicolae_shoals_seven_spires,
          abandoned_shop, nicolae_shoals_arrival_archipelago
Spider:1: layout_chambers, hangedman_spider_trapstep
Spider:2: layout_spider_delve
Spider:3: layout_spider_delve, uniq_roxanne
Spider:4: guppyfry_spider_rune
Orc:1:    layout_diamond_mine, mines2_david
Orc:2:    pubby_orc_utopia
Vaults:1: vaults_room_mumra_shop_pool, vaults_room_pools, ontoclasm_vaults_spin,
          st_lines, nicolae_vaults_little_squares_5, dpeg_vaults_monster_box,
          v_misc_25, layout_vaults_big_room, uniq_nikola
Vaults:2: biasface_vaults_ghost_orc_armoury, vaults_room_door_ring,
          hangedman_vaults_cutoff, ontoclasm_vaults_twist, v_misc_25,
          hangedman_vaults_corner, v_pattern_1, st_squares,
          vaults_mumra_chevron_long, vaults_room_large_hall,
          vaults_room_stairs_pillars, v_misc_24, v_alt_pattern_2,
          vaults_standard_mumra_enter_the_diamond, layout_vaults_maze_bifur,
          blue_anna_dwarven_crypt, uniq_donald
Vaults:3: v_misc_24, v_misc_1, v_misc_9, v_misc_28, ontoclasm_vaults_chip,
          vaults_dpeg_cross, hangedman_vaults_stretched_pinwheel,
          v_alt_pattern_3, vaults_room_hallway, nicolae_vaults_border_crossing,
          layout_vaults_quadrants
Vaults:4: grunt_vaults_bifocal, grunt_vaults_swirl, hangedman_vaults_nodes,
          ontoclasm_vaults_tryst, nicolae_vaults_murderbox,
          ontoclasm_vaults_idyll, nicolae_vaults_little_squares_1,
          vaults_standard_mumra_x, nicolae_vaults_bisected_exclaves,
          ontoclasm_vaults_hangar, hangedman_vaults_nails,
          hangedman_vaults_capsules, vaults_room_hallway,
          hangedman_vaults_stretched_pinwheel, v_misc_8, layout_vaults_omnibox
Vaults:5: serial_shops
Depths:1: layout_gridville, chequers_serial_rivers_micro_a, hell_entry,
          marbit_kobold_abyss_entry, kennysheep_small_spiral,
          minmay_multi_spiral, serial_bayou_shore_b
Depths:2: minmay_concentric_multi, layout_cave_pools,
          hangedman_abyss_or_decor_stagger, grunt_hell_horde,
          serial_bayou_lagoon_b
Depths:3: kennysheep_treasure_stockpile, layout_basic,
          infiniplex_enter_wizlab_water, nicolae_lava_and_water,
          grunt_pan_entry_sceptre, pf_vacation_house_of_asmodeus,
          serial_bayou_shore_b, minmay_shop_grove, uniq_margery
Depths:4: minmay_textured_paths, layout_gridlike, enter_ziggurat_c,
          nrook_mini_backslash, rand_demon_pan_entry_8, hell_entry, abyss_entry,
          uniq_enchantress
Depths:5: grunt_zot_entry_hairpin, layout_gridlike, serial_shops,
          bzr_entry_dummy, hangedman_decor_push, hangedman_coc_ice_floe,
          brannock_guarded_unrand_thermic_engine
Zot:1:    grunt_zot_stairs_faceoff, layout_twisted_circle
Zot:2:    hangedman_zot_vaults_quadrants, layout_cathedral_of_symmetry
Zot:3:    layout_concentric_octagons
Zot:4:    minmay_elemental_castle, layout_basic, st_stairs_7
Zot:5:    layout_basic

Skill      XL: |  1  2  3  4  5  6  7  8  9 10 11 12 13 14 15 16 17 18 19 20 21 22 23 24 25 26 |
---------------+-------------------------------------------------------------------------------+-----
Fighting       | 3 4 5 7 8 9 11 12 13 14 15 16 17 18 19 20 21 22 23 | 23.8
Long Blades    | 4 5 6 7 8 9 0 |  0.0
Armour         | 1 2 3 5 6 7 8 9 10 11 12 13 14 15 16 17 18 19 | 19.8
Shields        | 1 2 3 4 6 7 8 9 10 12 13 15 16 | 16.0
Dodging        | 4 5 6 7 8 9 10 11 12 13 14 15 16 17 18 | 18.8
Throwing       | 3 4 5 7 8 10 11 12 13 10 | 10.1
Bows           | 1 3 4 6 2 |  2.0
Axes           | 1 4 7 9 11 12 13 14 16 17 | 17.0
Maces & Flails | 1 2 4 0 4 5 0 |  0.0
Evocations     | 1 2 1 1 5 8 7 9 5 7 6 5 8 11 | 11.8
Necromancy     | 3 5 6 7 9 |  9.9
Spellcasting   | 1 4 5 6 7 8 10 | 10.9
Translocations | 4 5 6 8 9 10 | 10.2
Earth Magic    | 1 3 4 |  4.8
Summonings     | 1 2 4 6 7 7 5 |  5.8
Transmutations | 1 6 7 |  7.6
Air Magic      | 1 2 3 4 0 |  0.0
Polearms       | 3 4 0 |  0.0

Action                   |  1- 3 |  4- 6 |  7- 9 | 10-12 | 13-15 | 16-18 | 19-21 | 22-24 | 25-27 || total
-------------------------+-------+-------+-------+-------+-------+-------+-------+-------+-------++-------
Melee: Long sword        |    48 |   101 |    81 |       |       |       |       |       |       ||   230
       Dagger            |    22 |       |       |       |       |       |       |       |       ||    22
       Headbutt          |     6 |    12 |    20 |   106 |   297 |   348 |   309 |   383 |   160 ||  1641
       War axe           |       |       |    60 |   423 |  1050 |   968 |       |       |       ||  2501
       Morningstar       |       |       |       |    22 |    34 |       |       |       |       ||    56
       Mace              |       |       |       |     6 |     1 |       |       |       |       ||     7
       Broad axe         |       |       |       |       |       |   398 |   977 |  1181 |   465 ||  3021
 Fire: Shortbow          |       |       |    26 |    24 |       |       |       |       |       ||    50
Throw: Throwing net      |     3 |     2 |     2 |       |       |     2 |     1 |       |     3 ||    13
       Boomerang         |       |    44 |    24 |   134 |   252 |   235 |   212 |   269 |    46 ||  1216
       Javelin           |       |       |    26 |    57 |    76 |    33 |     1 |       |       ||   193
       Dart              |       |       |       |     6 |    46 |    32 |     7 |    24 |     3 ||   118
 Cast: Animate Skeleton  |       |       |       |       |       |    23 |     6 |       |       ||    29
       Vampiric Draining |       |       |       |       |       |     4 |    19 |    16 |       ||    39
       Blink             |       |       |       |       |       |       |    13 |    37 |       ||    50
       Pain              |       |       |       |       |       |       |     1 |       |       ||     1
       Wereblood         |       |       |       |       |       |       |    23 |    39 |     5 ||    67
       Corpse Rot        |       |       |       |       |       |       |     3 |     2 |       ||     5
       Summon Small Mamm |       |       |       |       |       |       |     1 |       |       ||     1
       Animate Dead      |       |       |       |       |       |       |     2 |     8 |       ||    10
       Gell's Gravitas   |       |       |       |       |       |       |       |     4 |       ||     4
       Passage of Golubr |       |       |       |       |       |       |       |     3 |     1 ||     4
       Summon Forest     |       |       |       |       |       |       |       |     2 |     1 ||     3
       Agony             |       |       |       |       |       |       |       |     7 |       ||     7
Invok: Curse Item        |       |     1 |     2 |     5 |     3 |     2 |     2 |     4 |       ||    19
       Scrying           |       |       |     2 |     5 |     4 |     4 |     2 |     2 |       ||    19
       Transfer Knowledg |       |       |       |       |     4 |     2 |     4 |     7 |       ||    17
 Abil: Evoke Invisibilit |       |       |       |       |       |       |     4 |     2 |       ||     6
Evoke: Wand              |       |       |     6 |    36 |    14 |   124 |    67 |    46 |    43 ||   336
       Phial of floods   |       |       |       |     1 |       |     2 |     4 |     2 |     4 ||    13
       Tin of tremorston |       |       |       |       |     2 |     5 |    11 |     6 |     6 ||    30
       Box of beasts     |       |       |       |       |       |     2 |     2 |     3 |     5 ||    12
       Phantom mirror    |       |       |       |       |       |     1 |     3 |     2 |     6 ||    12
       Lightning rod     |       |       |       |       |       |       |     4 |     6 |     4 ||    14
       Condenser vane    |       |       |       |       |       |       |     1 |     8 |     7 ||    16
  Use: Scroll            |     5 |     3 |    10 |    17 |    22 |    18 |    15 |    14 |    15 ||   119
       Potion            |       |     2 |     9 |    16 |    10 |    12 |     3 |     6 |    15 ||    73
 Stab: Held in net/web   |       |     1 |     1 |       |       |       |       |       |     1 ||     3
       Invisible         |       |       |       |       |       |     7 |     7 |     3 |       ||    17
       Fleeing           |       |       |       |       |       |     4 |       |       |       ||     4
       Paralysed         |       |       |       |       |       |     8 |    15 |    13 |     8 ||    44
       Distracted        |       |       |       |       |       |     2 |     1 |       |     1 ||     4
       Betrayed ally     |       |       |       |       |       |       |       |       |     1 ||     1
Armor: Leather armour    |    11 |       |       |       |       |       |       |       |       ||    11
       Ring mail         |     5 |    19 |    16 |       |       |       |       |       |       ||    40
       Scale mail        |       |       |    12 |       |       |       |       |       |       ||    12
       Skin              |       |       |    49 |    27 |       |       |       |       |       ||    76
       Chain mail        |       |       |    27 |   265 |   476 |   566 |    45 |       |       ||  1379
       Plate armour      |       |       |       |       |       |       |   285 |   418 |       ||   703
       Gold dragon scale |       |       |       |       |       |       |       |    93 |   195 ||   288
Dodge: Dodged            |    40 |    56 |    72 |   219 |   683 |   605 |   357 |   457 |   156 ||  2645
Block: Kite shield       |    12 |       |       |   193 |   819 |   925 |   645 |   696 |   290 ||  3580
       Buckler           |       |    15 |     3 |       |       |       |       |       |       ||    18
       Rpst.: Long sword |     4 |    19 |    11 |       |       |       |       |       |       ||    34
